 Dungeon Crawl Stone Soup version 0.18-a0-1799-g6250cb2 (webtiles) character file.

3259 epen the Martial Artist (level 10, -16/69 HPs)
             Began as an Octopode Monk on Apr 23, 2016.
             Was an Elder of Cheibriados.
             Killed by the air
             ... invoked by Gastronok
              (20 damage)
             ... on level 10 of the Dungeon.
             The game lasted 00:14:21 (8408 turns).

epen the Martial Artist (Octopode Monk)             Turns: 8408, Time: 00:14:21

Health: -16/69     AC:  4    Str: 22    XL:     10   Next: 0%
Magic:  10/10      EV: 18    Int: 22    God:    Cheibriados [****..]
Gold:   254        SH: 11    Dex: 26    Spells: 0 memorised, 9 levels left

rFire  . . .     SeeInvis .       - Unarmed
rCold  . . .     Gourm    .     n - +0 shield
rNeg   . . .     Faith    .     (helmet restricted)
rPois  .         Spirit   .     (no amulet)
rElec  .         Dismiss  .     (no ring)
rCorr  .         Reflect  .     (no ring)
SustAt .         Harm     .     (no ring)
MR     .....                    (no ring)
Stlth  ++++++....               (no ring)
                                (no ring)
                                (no ring)
                                (no ring)

@: invisible, very slow, not resistant to hostile enchantments, very stealthy
A: almost no armour, amphibious, 8 rings, constrict 8, tentacle spike 1, yellow
scales 2, camouflage 1, blink, regeneration 1, strong 1, gelatinous body 1
a: Blink, Bend Time, Temporal Distortion, Slouch, Renounce Religion


You were on level 10 of the Dungeon.
You worshipped Cheibriados.
Cheibriados was greatly pleased with you.
You were not hungry.

You visited 2 branches of the dungeon, and saw 11 of its levels.

You collected 254 gold pieces.

Inventory:

Armour
 n - a +0 shield (worn)
 o - a +2 large shield
Magical Staves
 l - an uncursed staff of energy
Wands
 d - a wand of lightning (6/15)
 u - a wand of confusion (20/48)
Scrolls
 b - a scroll of teleportation
 h - a scroll of identify
 i - a scroll of noise
 q - a scroll of amnesia
 s - a scroll of remove curse
Potions
 c - 2 potions of curing
 e - a potion of flight
 g - 3 potions of cancellation
 j - 2 potions of cure mutation
 k - a potion of brilliance
 m - a potion of magic
 p - 3 potions of agility
 v - 2 potions of might
Comestibles
 a - 6 bread rations
 f - 3 beef jerkies


   Skills:
 + Level 6.4 Fighting
 * Level 7.9 Dodging
 + Level 8.1 Stealth
 + Level 3.8 Shields
 * Level 8.7 Unarmed Combat


You had 9 spell levels left.
You didn't know any spells.

Dungeon Overview and Level Annotations

Branches:
Dungeon (11/15)            Temple (1/1) D:5
   Lair: D:8-11         Orc: D:9-12

Altars:
Ashenzari
Cheibriados
Dithmenos
Fedhas
Gozag
Kikubaaqudgha
Nemelex Xobeh
Okawaru
Pakellas
Ru
Sif Muna
Yredelemnul
The Shining One

Shops:
D:7 (

Portals:
Ossuary: D:8

Annotations:
D:10 Fannar, Gastronok


Innate Abilities, Weirdness & Mutations

You cannot wear most types of armour.
You are amphibious.
You can wear up to eight rings at the same time.
You can use your tentacles to constrict eight enemies at once.
Your skin changes colour to match your surroundings (Stealth).
Your rubbery body absorbs attacks (AC +1).
One of your tentacles bears a spike.
You are mostly covered in yellow scales (AC +3).
You can translocate small distances at will.
Your natural rate of healing is unusually fast.
Your muscles are strong. (Str +2)


Message History

Gastronok puts on a burst of speed!
Fannar casts a spell.
Gastronok waves his eye-stalks in wide circles.
The air twists around and strikes you!
You see here a ruby potion.
Unknown command.
You fail to use your ability.
The yak gores you!
Gastronok waves his eye-stalks in wide circles.
The air twists around and strikes you!
* * * LOW HITPOINT WARNING * * *
Fannar murmurs some mystic words to himself.
The yak gores you but does no damage.
You fail to use your ability.
You block the yak's attack. The yak closely misses you.
Drink which item? (? for menu, Esc to quit)
You fade into invisibility!
You block the yak's attack.
Gastronok waves his eye-stalks in wide circles.
The air twists around and strikes you!
You die...

...................##
.........).........#
.................>.#
.........###......##
.........#######.>.#
......<.e?Y#####.###
##########.!Y...w..#
##YY......#
#YY@.[...+ ##########


You could see Gastronok, Fannar, 5 yaks and an ice beast.

Vanquished Creatures
  The ghost of M4edhros the Covert, a novice OpAr (D:6)
  A troll (D:11)
  Sigmund (D:5)
  A shadow (D:6)
  A wyvern (D:7)
  A yak (D:10)
  A steam dragon (D:7)
  An orc warrior (D:7)
  A phantom (D:5)
  A necrophage (D:11)
  3 ogres
  A centaur (D:8)
  Blork the orc (D:5)
  3 giant frogs (D:6)
  A wyvern zombie (D:6)
  A water moccasin skeleton (D:7)
  3 scorpions
  A killer bee (D:11)
  3 wights (D:7)
  A howler monkey (D:6)
  A crimson imp (D:11)
  A centaur zombie (D:10)
  A giant frog zombie (D:5)
  A jelly (D:7)
  2 hounds
  An iguana (D:5)
  3 orc wizards
  5 worker ants
  Robin (D:4)
  A gnoll (D:3)
  12 adders
  2 shadow imps
  2 worms
  2 dart slugs
  2 giant geckos
  19 orcs
  A giant cockroach (D:4)
  19 goblins
  6 hobgoblins
  9 jackals
  10 kobolds
  3 quokkas
  8 bats
  A giant gecko zombie (D:5)
  6 giant newts
  9 rats
156 creatures vanquished.

Notes
Turn   | Place    | Note
--------------------------------------------------------------
     0 | D:1      | epen the Octopode Monk began the quest for the Orb.
     0 | D:1      | Reached XP level 1. HP: 16/16 MP: 1/1
   376 | D:1      | Reached XP level 2. HP: 20/21 MP: 2/2
   692 | D:1      | Reached XP level 3. HP: 23/26 MP: 3/3
  1359 | D:2      | Reached XP level 4. HP: 27/32 MP: 4/4
  1488 | D:2      | Found an oddly glowing altar of Pakellas.
  1691 | D:2      | Found a sparkling altar of Nemelex Xobeh.
  1691 | D:2      | Found a blossoming altar of Fedhas.
  2041 | D:3      | Reached XP level 5. HP: 32/37 MP: 5/5
  2051 | D:3      | Found an iron altar of Okawaru.
  2225 | D:3      | Found an oddly glowing altar of Pakellas.
  2992 | D:4      | You fall through a shaft for 2 floors!
  3004 | D:6      | Noticed M4edhros's ghost (novice OpAr)
  3007 | D:5      | Entered Level 5 of the Dungeon
  3215 | D:4      | Noticed Robin
  3420 | D:4      | Killed Robin
  3537 | D:4      | Found an opulent altar of Gozag.
  3595 | D:4      | Reached skill level 5 in Unarmed Combat
  3690 | D:4      | Found a basalt altar of Yredelemnul.
  3898 | D:4      | Reached XP level 6. HP: 43/43 MP: 6/6
  3994 | D:4      | Found a glowing golden altar of the Shining One.
  4219 | D:5      | Noticed a phantom
  4384 | D:5      | HP: 1/43 [orc/whip (4)]
  4731 | D:5      | Found a shadowy altar of Dithmenos.
  4732 | D:5      | Noticed Sigmund
  4741 | D:5      | Killed Sigmund
  4741 | D:5      | Reached skill level 5 in Stealth
  4741 | D:5      | Reached XP level 7. HP: 43/49 MP: 7/7
  4851 | D:5      | Reached skill level 5 in Dodging
  5129 | D:5      | Found a staircase to the Ecumenical Temple.
  5135 | Temple   | Entered the Ecumenical Temple
  5139 | Temple   | Became a worshipper of Cheibriados the Contemplative
  5139 | Temple   | Reached * piety under Cheibriados
  5139 | Temple   | Reached ** piety under Cheibriados
  5176 | D:5      | Noticed Blork the orc
  5184 | D:5      | Killed Blork the orc
  5945 | D:6      | Reached XP level 8. HP: 52/54 MP: 8/8
  5960 | D:6      | Reached skill level 5 in Fighting
  6075 | D:6      | Reached skill level 1 in Shields
  6400 | D:6      | Noticed a shadow
  6415 | D:6      | Killed a shadow
  6665 | D:6      | Killed M4edhros's ghost
  6665 | D:6      | Reached XP level 9. HP: 20/62 MP: 9/9
  7141 | D:6      | Gained mutation: Your natural rate of healing is unusually fast. [potion of mutation]
  7141 | D:6      | Gained mutation: You are partially covered in yellow scales (AC +2). [potion of mutation]
  7141 | D:6      | Gained mutation: You can translocate small distances at will. [potion of mutation]
  7142 | D:6      | Gained mutation: One of your tentacles bears a spike. [potion of mutation]
  7142 | D:6      | Gained mutation: Your muscles are strong. (Str +2) [potion of mutation]
  7142 | D:6      | Gained mutation: You are mostly covered in yellow scales (AC +3). [potion of mutation]
  7203 | D:7      | Found Hitse's Antique Weapon Boutique.
  7238 | D:7      | Found a deep blue altar of Sif Muna.
  7318 | D:7      | Reached *** piety under Cheibriados
  8117 | D:7      | Reached **** piety under Cheibriados
  8300 | D:8      | Found a sand-covered staircase.
  8303 | D:8      | You fall through a shaft for 3 floors!
  8338 | D:11     | Noticed a troll
  8344 | D:11     | Killed a troll
  8378 | D:10     | Entered Level 10 of the Dungeon
  8379 | D:10     | Noticed Gastronok
  8399 | D:10     | Noticed Fannar
  8399 | D:10     | Reached XP level 10. HP: 61/69 MP: 10/10
  8406 | D:10     | HP: 3/69 [Gastronok/the air (18)]
  8408 | D:10     | Killed from afar by Gastronok

Vault maps used:
D:1:      shiori_shiawase
D:2:      gammafunk_temple_overflow_wave, lemuel_doored_altar
D:3:      okawaru_altar_gauntlet_db, grunt_pakellas_basics
D:4:      grunt_gozag_breadcrumbs, marbit_many_paths, tso_oasis_becter,
          first_bread, uniq_robin
D:5:      minmay_temple_entry_enclosed_plants, basic_altar, uniq_sigmund,
          uniq_blork_the_orc
D:7:      led_sif_pool, serial_shops, shop
D:8:      lemuel_crystal_altar, nicolae_ossuary_entry_ruins, serial_shops, shop
D:10:     kennysheep_windowed_halls, lair_0_dummy, nicolae_zen_rock_garden,
          nicolae_wwwww, minmay_ruffians, uniq_joseph, uniq_fannar,
          uniq_gastronok
D:11:     hangedman_little_slice_of_home, fedhas_altar_4
Temple:   triangle_lava_temple_11

Skill      XL: |  1  2  3  4  5  6  7  8  9 |
---------------+----------------------------+-----
Stealth        | 3 4 5 6 8 |  8.1
Fighting       | 4 5 6 |  6.4
Dodging        | 4 5 6 7 |  7.9
Unarmed Combat | 5 6 7 8 |  8.7
Shields        | 2 3 |  3.8

Action                   |  1- 3 |  4- 6 |  7- 9 | 10-12 || total
-------------------------+-------+-------+-------+-------++-------
Melee: Unarmed           |    66 |   143 |   220 |       ||   429
       Constrict         |    19 |    34 |    39 |       ||    92
       Tentacles         |     9 |    27 |    68 |       ||   104
       Punch             |       |     1 |    14 |       ||    15
       Kick              |       |       |    58 |       ||    58
 Abil: Blink             |       |       |     1 |       ||     1
  Use: Scroll            |       |    14 |     6 |       ||    20
       Potion            |       |     1 |     2 |     1 ||     4
 Stab: Sleeping          |    11 |    25 |    14 |       ||    50
       Invisible         |       |     1 |       |       ||     1
       Distracted        |       |       |     1 |       ||     1
  Eat: Chunk             |     1 |    11 |     6 |       ||    18
Armor: Skin              |     2 |     1 |     6 |     1 ||    10
Dodge: Dodged            |    28 |    79 |   132 |     1 ||   240
Block: Shield            |       |       |    11 |     2 ||    13
